Herovato, lawful male human Samurai ----- # ------ |...| -|--- #####.....| |.`.| #..*.| # |....-# |...| #|...| # ##...q.|# |...| ##....| # # |^.qq|# |...| ##|...| #### |..@.|# |<...####----- ############ ------# ---.- # # # # ## # # # # # # ### # ### # # # # #%### # # ## # ###-|--------# -------.----# #-........|% |.......^..|# |........|# |..........|# |........-# |..........|# ---------- |.........[-# ------------ Herovato the Ronin Experience level: 5 Strength: 11 Dexterity: 14 Constitution: 18 Intelligence: 9 Wisdom: 16 Charisma: 7 Health: 0(49) Energy: 22(22) Def: 0 Gold: 912 Moves: 2589 Dungeon seed: WilEI47_eVW8Crhb Game ID: Herovato_1496312631 Your Inventory: Coins $ - 912 gold pieces Weapons a - a +0 katana (weapon in hand) b - a +2 wakizashi (alternate weapon; not wielded) c - a blessed +1 yumi i - a +0 shito (in quiver) Armor e - an uncursed +0 dwarvish cloak (being worn) Comestibles q - an uncursed sprig of wolfsbane Scrolls s - an uncursed scroll of identify Wands f - a wand of probing (0:3) t - a wand of enlightenment (0:10) v - a wand of enlightenment (0:11) Tools g - an uncursed blindfold Gems n - an uncursed worthless piece of violet glass Spells and supernatural/magical abilities: Name Level Category Fail Memory W - pray for help -- divine ? -- Your skills at the end: Miscellaneous Skills martial arts [Basic] wands [Basic] stealth [Basic] Weapon Skills short sword [Basic] long sword [Basic] bow [Basic] Spellcasting Skills Final Attributes: You were fervently aligned. You were telepathic. You were very stealthy. You were fast. You are dead. Vanquished creatures: a small mimic a dust vortex a gray ooze a straw golem a puppy a floating eye 4 dwarf zombies an acid blob 2 geckos 2 giant rats a yellow mold 3 garter snakes 4 jackals a fox 3 newts a goblin 4 sewer rats 2 grid bugs 7 lichens 2 kobold zombies 43 creatures vanquished. Voluntary challenges: You did not adorn yourself with jewelry or accessories. You did not cause conflict. You were not invisible. You did not have reflection. You were not displaced. You used a wielded weapon 68 times, starting on turn 28. You did not use tools. You did not use sinks. You did not drink any magical draughts. You read items or engraved 4 times, starting on turn 314. You never genocided any monsters. You never polymorphed an object. You never changed form. You used no wishes. You never split a pudding. You never wrote Elbereth's name. You never violated your personal moral code. Dungeon overview: The Dungeons of Doom: levels 1 to 6 Level 1 some fountains a long staircase Level 2 a fountain Level 3 a general store, an altar to Raijin Level 4 an altar to Susanowo, a fountain a long staircase Level 5 some fountains Level 6 <- You were here History has recorded: On T:1 you entered the Dungeons of Doom to retrieve the Amulet of Yendor! On T:238 you reached level 2 of The Dungeons of Doom. On T:383 you advanced to experience level 2. On T:843 you reached level 3 of The Dungeons of Doom. On T:942 you advanced to experience level 3. On T:1071 you advanced to experience level 4. On T:1105 you reached level 4 of The Dungeons of Doom. On T:1289 you reached level 5 of The Dungeons of Doom. On T:1480 you prayed to Amaterasu Omikami. On T:1493 you reached level 6 of The Dungeons of Doom. On T:2280 you advanced to experience level 5. On T:2332 you prayed to Amaterasu Omikami. Score breakdown: Gold: 912 ( 91 points) Experience: 5 levels ( 400 points) Exploration: 6 levels ( 150 points) Discoveries: 5 items ( 250 points) Variety of kills: 20 monsters ( 1000 points) Major goal: (nothing yet) ( 0 points) Survival: died (score multiplied by 3) Total score: 5673 Latest messages: r - a statue of a cave spider. You drop a statue of a cave spider. You slash the gray ooze! You hack the gray ooze! You slash the gray ooze! The gray ooze bites! You kill the gray ooze! You see here a gray ooze corpse. (2x) You have a very bad case of stomach acid. This gray ooze corpse tastes terrible! You hear someone counting money. You see here a partly eaten yellow mold corpse. The rothe claws you! The rothe bites! (2x) The rothe claws you! The rothe bites! (2x) The rothe claws you! The rothe bites! (2x) The rothe claws you! You die... Final status: Sayonara Herovato the Samurai, killed by a rothe... You died in The Dungeons of Doom on dungeon level 6 with 5673 points, and 912 pieces of gold, after 2589 moves. You were level 5 with a maximum of 49 hit points when you died.